 Dungeon Crawl Stone Soup version 0.30-a0-305-g026cb31310 (webtiles) character file.

Game seed: 8402403007388993947

140 pokeman the Magician (level 5, -1/29 HPs)
             Began as a Deep Elf Hedge Wizard on Oct 22, 2022.
             Slain by Crazy Yiuf
             ... wielding a +3 quarterstaff of chaos
              (7 damage)
             ... on level 3 of the Dungeon.
             The game lasted 00:06:26 (3891 turns).

pokeman the Magician (Deep Elf Hedge Wizard)        Turns: 3891, Time: 00:06:27

Health: -1/29      AC:  4    Str:  7    XL:     5   Next: 2%
Magic:  3/15       EV: 12    Int: 21    God:
Gold:   156        SH:  0    Dex: 14    Spells: 8/16 levels left

rFire   . . .      SeeInvis .    v - +0 dagger (protect)
rCold   . . .      Faith    .    (no shield)
rNeg    . . .      Spirit   .    u - +0 leather armour
rPois   .          Reflect  .    s - +0 helmet
rElec   .          Harm     .    (no cloak)
rCorr   .          Rampage  .    (no gloves)
Will    .....                    (no boots)
Stlth   ++........               (no amulet)
HPRegen 0.24/turn                (no ring)
MPRegen 0.14/turn                (no ring)

@: very slightly contaminated
A: no striking features
a: no special abilities


You were on level 3 of the Dungeon.
You visited 1 branch of the dungeon, and saw 3 of its levels.

You collected 156 gold pieces.

Inventory:

Hand Weapons
 v - a +0 dagger of protection (weapon)
Armour
 s - a +0 helmet (worn)
 u - a +0 leather armour (worn)
Magical Staves
 j - a staff of death
Jewellery
 q - an amulet of faith
 w - an amulet of guardian spirit
Scrolls
 b - a scroll of vulnerability {unknown}
 e - 3 scrolls of fear {unknown}
 l - 2 scrolls of teleportation {unknown}
 m - a scroll of enchant weapon {unknown}
 p - a scroll of magic mapping {unknown}
 r - a scroll of butterflies {unknown}
 t - 2 scrolls of blinking {unknown}
Potions
 a - a potion of cancellation {unknown}
 c - a potion of ambrosia {unknown}
 d - a potion of magic
 f - 6 potions of heal wounds {unknown}
 g - a potion of flight {unknown}
 h - 2 potions of curing {unknown}
 i - a potion of mutation {unknown}
 k - a potion of berserk rage {unknown}
 n - 2 potions of brilliance {unknown}
 o - 2 potions of attraction {unknown}
 x - a potion of resistance {unknown}
 z - a potion of degeneration {unknown}


   Skills:
 - Level 1.0 Fighting
 - Level 1.0 Armour
 - Level 3.0 Dodging
 - Level 3.0 Stealth
 * Level 6.0 Spellcasting
 + Level 2.5 Conjurations
 - Level 1.1 Summonings
 + Level 0.0 Necromancy
 - Level 1.1 Translocations
 + Level 0.1 Evocations


You had 8 spell levels left.
You knew the following spells:

 Your Spells              Type           Power      Damage    Failure   Level
a - Magic Dart            Conj           64%        1d6       4%          1
b - Mephitic Cloud        Conj/Pois/Air  9%         N/A       30%         3
c - Call Imp              Summ           10%        N/A       14%         2
d - Blink                 Tloc           20%        N/A       14%         2

Your spell library contained the following spells:

 Spells                   Type           Power      Damage    Failure   Level
 Freeze                   Ice            24%        1d4       14%         1
 Slow                     Hex            24%        N/A       14%         1
 Cigotuvi's Dreadful Rot  Necr/Pois/Air  12%        N/A       22%         2
 Hailstorm                Conj/Ice       11%        3d5       26%         3
 Frozen Ramparts          Ice            12%        1d2       38%         3


Dungeon Overview and Level Annotations

Branches:
Dungeon (3/15)

Altars:
Hepliaklqana
Qazlal
Wu Jian
Xom

Annotations:
D:3 Crazy Yiuf


Message History

You feel sick.
You feel stable enough to blink again.
You feel sick.
Casting: Blink (safe; 14% risk of failure)
Confirm with . or Enter, or press ? or * to list all spells.
The spell is extremely dangerous to miscast (30% risk of failure)!
Continue anyway?
Aiming: Mephitic Cloud (extremely dangerous; 30% risk of failure)
Press: ? - help, Shift-Dir - straight line, f/p - Crazy Yiuf
Aim: Crazy Yiuf, wielding a +3 quarterstaff of chaos and wearing a +0 cloak (lightly wounded, chance to affect: 86%)
The ball explodes into a vile cloud!
The stinking cloud engulfs Crazy Yiuf but does no damage.
Crazy Yiuf is lightly wounded.
You feel sick.
Crazy Yiuf is engulfed in noxious fumes.
Crazy Yiuf appears confused.
Unknown command.
You barely miss Crazy Yiuf.
Crazy Yiuf is lightly wounded.
You feel sick.
Casting: Mephitic Cloud (extremely dangerous; 30% risk of failure)
Confirm with . or Enter, or press ? or * to list all spells.
You miscast Call Imp.
Nothing appears to happen.
You feel sick.
Crazy Yiuf is engulfed in noxious fumes.
Crazy Yiuf appears confused.
Crazy Yiuf says, "My, my head's in a spin!"
Unknown command.
Casting: Call Imp (safe; 14% risk of failure)
Confirm with . or Enter, or press ? or * to list all spells.
A beastly little devil appears in a puff of flame.
You feel sick.
You are no longer poisoned.
Unknown command.
You hit Crazy Yiuf but do no damage.
Your weapon exudes an aura of protection.
Crazy Yiuf is lightly wounded.
Your crimson imp hits Crazy Yiuf.
Unknown command.
Your crimson imp blinks!
Crazy Yiuf hits you with a +3 quarterstaff of chaos!
You die...

#...................≈
#.....#####.#.####..~
#.....# #.#.# #..#
####### #.#.####..#
#.#...##.## #####
#.###.##.<. #..)#
##.# #.##### #.g§#
#..# #.# ##. #5@.#
#### #.###.. ##'##
#.#_..# ##.# #.###).
#.## ######.# ##.
##.# #....†.# ## #.##
######## ##.## #.PP#
#.PP## #######


You could see Crazy Yiuf (confused, ally target) and a friendly crimson imp
(summoned).

Vanquished Creatures
  Jessica (D:3)
  3 gnolls (D:3)
  An adder (D:2)
  3 worms
  3 dart slugs
  4 endoplasms
  A giant cockroach (D:1)
  9 goblins
  4 hobgoblins
  4 jackals (D:3)
  8 kobolds
  A quokka (D:1)
  4 ball pythons
  3 bats (D:1)
  6 frilled lizards
  6 rats
61 creatures vanquished.

Vanquished Creatures (others)
  A fungus (D:3)
1 creature vanquished.

Grand Total: 62 creatures vanquished

Notes
Turn   | Place    | Note
-------+----------+-------------------------------------------
     0 | D:1      | pokeman the Deep Elf Hedge Wizard began the quest for the
                  | Orb.
     0 | D:1      | Reached XP level 1. HP: 10/10 MP: 7/7
   245 | D:1      | Reached XP level 2. HP: 15/15 MP: 6/9
   869 | D:1      | Reached skill level 5 in Spellcasting
  1024 | D:1      | Found a faded altar of an unknown god.
  1201 | D:1      | Reached XP level 3. HP: 20/20 MP: 8/11
  1205 | D:1      | Learned a level 3 spell: Mephitic Cloud
  1208 | D:1      | Learned a level 2 spell: Call Imp
  1211 | D:1      | Learned a level 2 spell: Blink
  1796 | D:2      | Reached skill level 1 in Armour
  1840 | D:2      | Reached skill level 1 in Fighting
  2450 | D:3      | Found a hazy altar of Hepliaklqana.
  2450 | D:3      | Found a stormy altar of Qazlal.
  2600 | D:3      | Reached XP level 4. HP: 25/25 MP: 1/13
  2882 | D:3      | Noticed Jessica
  2889 | D:3      | Killed Jessica
  3560 | D:3      | Reached skill level 6 in Spellcasting
  3560 | D:3      | Reached XP level 5. HP: 20/29 MP: 9/15
  3602 | D:3      | Found a faded altar of an unknown god.
  3605 | D:3      | Found a shimmering altar of Xom.
  3607 | D:3      | Found an ornate altar of the Wu Jian Council.
  3872 | D:3      | Found a runed translucent door.
  3873 | D:3      | Noticed Crazy Yiuf
  3891 | D:3      | Slain by Crazy Yiuf

Illustrated notes

Levels and vault maps discovered:
D:1:      dpeg_arrival_court, layout_basic,
          shapermc_ecumenical_altar_hornbeckon, minmay_tall_x
D:2:      layout_rooms
D:3:      layout_loops_ring, chequers_temple_overflow_minitemple, serial_rivers,
          chequers_serial_rivers_micro_d, chequers_serial_rivers_room_a,
          chequers_serial_rivers_room_a, chequers_serial_rivers_small_b,
          chequers_serial_rivers_small_a, chequers_serial_rivers_large_a,
          columned_hall_lemuel, uniq_crazy_yiuf_cottage, uniq_jessica

Skill      XL: |  1  2  3  4 |
---------------+-------------+-----
Spellcasting   | 5 6 |  6.0
Armour         | 1 |  1.0
Fighting       | 1 |  1.0
Conjurations   | 2 |  2.5
Stealth        | 3 |  3.0
Dodging        | 3 |  3.0
Summonings     | |  1.1
Translocations | |  1.1
Evocations     | |  0.1

Action                   |  1- 3 |  4- 6 || total
-------------------------+-------+-------++-------
Melee: Dagger            |    10 |    21 ||    31
       Punch             |     1 |       ||     1
 Cast: Magic Dart        |   137 |    40 ||   177
       Mephitic Cloud    |     1 |     1 ||     2
       Call Imp          |       |     2 ||     2
       Blink             |       |     1 ||     1
Armor: Robe              |     3 |       ||     3
       Leather armour    |       |    14 ||    14
Dodge: Dodged            |    17 |    20 ||    37

Table legend: (Time is in decaauts)
 A = Elapsed time spent in this place.
 B = Non-inter-level travel time spent in this place.
 C = Inter-level travel time spent in this place.
 D = Time resting spent in this place.
 E = Time spent auto-exploring this place.
 F = Levels seen in this place.
 G = Mean time per level.
                   A        B        C        D        E       F      G
               +--------+--------+--------+--------+--------+-----+--------+
         Total |   3914 |   3836 |     78 |    246 |   3098 |   3 | 1304.7 |
       Dungeon |   3914 |   3836 |     78 |    246 |   3098 |   3 | 1304.7 |
               +--------+--------+--------+--------+--------+-----+--------+

Top non-repeatable levels by time:
     D:3: 1858 daAuts
     D:1: 1290 daAuts
     D:2: 766 daAuts
